 Dungeon Crawl Stone Soup version 0.28.0-43-g3370ac3207 (webtiles) character file.

Game seed: 9808299387601493076

756 sizableburger the Magician (level 7, -3/57 HPs)
             Began as a Palentonga Air Elementalist on Mar 5, 2022.
             Shot with an arrow by a centaur (14 damage)
             ... on level 6 of the Dungeon on Mar 6, 2022.
             The game lasted 00:17:27 (7052 turns).

sizableburger the Magician (PaAE)                   Turns: 7052, Time: 00:17:28

Health: -3/57      AC: 13    Str: 18    XL:     7   Next: 50%
Magic:  13/13      EV:  9    Int: 18    God:
Gold:   147        SH:  0    Dex: 10    Spells: 6/14 levels left

rFire   . . .      SeeInvis +   r - +0 hand axe
rCold   . . .      Faith    +   (no shield)
rNeg    + . .      Spirit   .   p - +2 leather armour of Noughts and Crosses {Str+7}
rPois   .          Reflect  .   (no helmet)
rElec   .          Harm     .   (no cloak)
rCorr   +          Rampage  .   (no gloves)
Will    .....                   (no barding)
Stlth   +.........              e - amulet of faith
HPRegen 0.19/turn               t - ring of positive energy
MPRegen 0.13/turn               o - ring of resist corrosion

@: curled up
A: large, rugged brown scales 3, see invisible, deformed body, roll 1, armoured
tail, reflexive curl
a: Rolling Charge


You were on level 6 of the Dungeon.
You visited 1 branch of the dungeon, and saw 6 of its levels.

You collected 147 gold pieces.

Inventory:

Hand Weapons
 d - a +0 whip
 r - a +0 hand axe (weapon)
Missiles
 i - 2 javelins
Armour
 a - a +0 robe
 p - the +2 leather armour of Noughts and Crosses (worn) {Str+7}
   (You found it on level 2 of the Dungeon)

   Str:       It affects your strength (+7).
Jewellery
 e - an amulet of faith (around neck)
 o - a ring of resist corrosion (right hand)
 t - a ring of positive energy (left hand)
Wands
 h - a wand of charming (9)
Scrolls
 c - a scroll of noise {unknown}
 f - 2 scrolls of teleportation {unknown}
 g - a scroll of fear
 j - 3 scrolls of identify {unknown}
 m - 2 scrolls of blinking {unknown}
 q - 4 scrolls of amnesia {unknown}
 w - a scroll of immolation {unknown}
Potions
 b - 2 potions of brilliance {unknown}
 k - a potion of haste {unknown}
 l - a potion of might {unknown}
 n - a potion of curing {unknown}
 s - a potion of flight {unknown}
 u - 2 potions of degeneration {unknown}
 v - a potion of heal wounds {unknown}


   Skills:
 + Level 4.1 Fighting
 + Level 3.1 Axes
 - Level 1.5 Dodging
 - Level 1.2 Stealth
 + Level 4.3 Spellcasting
 - Level 2.0 Conjurations
 + Level 4.1 Air Magic


You had 6 spell levels left.
You knew the following spells:

 Your Spells              Type           Power      Damage    Failure   Level
a - Shock                 Conj/Air       56%        1d6       4%          1
b - Swiftness             Air            18%        N/A       10%         3
c - Airstrike             Air            9%         N/A       30%         4

Your spell library contained the following spells:

 Spells                   Type           Power      Damage    Failure   Level
 Static Discharge         Conj/Air       14%        N/A       8%          2


Dungeon Overview and Level Annotations

Branches:
Dungeon (6/15)
 Temple: D:4-7

Altars:

Annotations:
D:6 Maggie


Innate Abilities, Weirdness & Mutations

You are completely covered in rugged brown scales. (AC +3, +7% HP)
You have supernaturally acute eyesight. (SInv)
Armour fits poorly on your strangely shaped body.
You can roll at nearby foes to attack.
You have a long armoured tail.
You curl defensively after being hit. (AC +7*)


Message History

You kill the orc!
No target in view!
q - 4 scrolls labelled BAURGH OWNAMUJA (gained 1)
You now have 147 gold pieces (gained 13).
A centaur and an ogre come into view.
Found a glowing ring mail.
The centaur shouts!
The ogre shouts!
A bullfrog comes into view.
The centaur wields a +3 shortbow of freezing.
It is covered in frost.
The centaur shoots an arrow.
The arrow hits you! The arrow freezes you.
The centaur shoots an arrow.
The arrow hits you but does no damage.
The centaur shoots an arrow.
The arrow hits you! The arrow freezes you.
The centaur shoots an arrow.
The arrow closely misses you.
The centaur shoots an arrow.
The arrow barely misses you.
Things that are here:
a +0 dagger; an orc corpse The centaur shoots an arrow.
The arrow completely misses you.
The centaur shoots an arrow.
The arrow closely misses you.
The centaur shoots an arrow.
The arrow hits you but does no damage.
The centaur shoots an arrow.
The arrow hits you!
* * * LOW HITPOINT WARNING * * *
The arrow freezes you.
* * * LOW HITPOINT WARNING * * *
There is an open door, spattered with blood here.
Which direction?
As you close the door, it creaks loudly!
You close the door.
You start resting.
A centaur opens the door.
It is wielding a +3 shortbow of freezing.
The centaur unwields a +3 shortbow of freezing.
The centaur hits you but does no damage.
The centaur kicks you.
* * * LOW HITPOINT WARNING * * *
The centaur closely misses you.
The centaur kicks you but does no damage.
There is a broken door here.
The centaur wields a +3 shortbow of freezing.
It is covered in frost.
The centaur shoots an arrow.
The arrow hits you!
You die...

##.##.8+............#
.#'#...#..#..#.....##
..'...##..#..##....#
.....##.......##...##
#.8.##.....#..##....##
##)##..#.....#.#.#.#.##
.#'#..##..............##
..'...#......#.##'##.#.##
......##.......#@..#....#
......##.....#c'...'.#.##
.............O.#...#...#
.............#.##+##.###
###.##......#.........#
#.##......##.#.#.#.##
###.............######
..........c.#....#
#.......c...)...##


You could see an ogre and a centaur.

Vanquished Creatures
  A black bear (D:4)
  2 ogres (D:4)
  A water moccasin zombie (D:6)
  4 wights
  A hound (D:5)
  A bullfrog zombie (D:5)
  A centaur skeleton (D:3)
  An iguana (D:3)
  A gnoll (D:1)
  8 adders
  An ufetubus (D:6)
  A worm (D:2)
  2 orcs
  6 ball pythons
  6 bats
  7 endoplasms
  5 giant cockroaches
  10 hobgoblins
  A quokka (D:4)
  3 frilled lizards
  12 goblins
  4 kobolds
  5 rats
84 creatures vanquished.

Vanquished Creatures (others)
  3 plants (D:1)
3 creatures vanquished.

Grand Total: 87 creatures vanquished

Notes
Turn   | Place    | Note
-------+----------+-------------------------------------------
     0 | D:1      | sizableburger the Palentonga Air Elementalist began the
                  | quest for the Orb.
     0 | D:1      | Reached XP level 1. HP: 13/13 MP: 3/3
   164 | D:1      | Reached skill level 1 in Conjurations
   188 | D:1      | Reached skill level 1 in Fighting
   188 | D:1      | Reached XP level 2. HP: 13/22 MP: 0/5
   617 | D:1      | Found a faded altar of an unknown god.
   919 | D:1      | Reached XP level 3. HP: 27/27 MP: 2/6
  1380 | D:1      | Learned a level 3 spell: Swiftness
  2281 | D:2      | Reached XP level 4. HP: 35/35 MP: 5/8
  2549 | D:2      | Identified the +2 leather armour of Noughts and Crosses
                  | {Str+7}
  3430 | D:3      | Identified the +2 dagger of the Thirsty Yaks {antimagic,
                  | Will++ Int+4}
  3706 | D:3      | Reached XP level 5. HP: 16/41 MP: 2/9
  4614 | D:3      | Reached skill level 1 in Axes
  4752 | D:4      | Noticed an ogre
  4810 | D:4      | Killed an ogre
  4811 | D:4      | Reached XP level 6. HP: 50/50 MP: 4/11
  5478 | D:5      | Entered Level 5 of the Dungeon
  5526 | D:5      | Identified the +0 robe "Koetor" {Regen+ Str+4 Int-3}
  5710 | D:6      | Noticed a steam dragon
  5717 | D:6      | Learned a level 4 spell: Airstrike
  5744 | D:6      | HP: 2/50 [something/ball of steam (24)]
  6259 | D:5      | Gained mutation: You curl defensively after being hit. (AC
                  | +7*) [Palentonga growth]
  6259 | D:5      | Reached XP level 7. HP: 31/55 MP: 4/13
  6522 | D:6      | Noticed Maggie
  7052 | D:6      | Shot with an arrow by a centaur

Illustrated notes

Levels and vault maps discovered:
D:1:      tarquinn_simple_flora_water_b, layout_basic, serial_forest,
          infiniplex_forest_zigzag_1, infiniplex_forest_straight_5,
          infiniplex_forest_lined_2, infiniplex_forest_lined_room_2,
          infiniplex_forest_clump_C, infiniplex_forest_end_1,
          infiniplex_forest_clump_long, ebering_ecumenical_altar_sacrificial,
          lemuel_flame_loot_1
D:2:      layout_basic
D:3:      layout_basic, supply_closet_lemuel
D:4:      layout_rooms, minmay_manual_monstrance
D:5:      layout_loops_corners, water_maze_lemuel
D:6:      layout_cave_pools, gammafunk_ghost_split, hangedman_decor_push,
          grunt_decor_arrowhead, minmay_misc_feat_doors, minmay_checkerbox,
          uniq_blork_the_orc, uniq_maggie

Skill      XL: |  1  2  3  4  5  6  7 |
---------------+----------------------+-----
Conjurations   | 1 2 |  2.0
Fighting       | 1 2 3 4 |  4.1
Spellcasting   | 3 4 |  4.3
Air Magic      | 3 4 |  4.1
Axes           | 1 2 3 |  3.1
Dodging        | |  1.5
Stealth        | |  1.2

Action                   |  1- 3 |  4- 6 |  7- 9 || total
-------------------------+-------+-------+-------++-------
Melee: Unarmed           |     9 |       |       ||     9
       Whip              |    40 |    14 |       ||    54
       Tailslap          |     2 |     5 |     3 ||    10
       Hand axe          |       |    29 |    22 ||    51
 Cast: Shock             |    58 |    84 |    17 ||   159
  Use: Scroll            |       |     3 |       ||     3
 Stab: Sleeping          |     1 |     1 |       ||     2
Armor: Robe              |    25 |     5 |       ||    30
       Leather armour    |       |    30 |    19 ||    49
Dodge: Dodged            |    39 |    56 |    25 ||   120
